 Dungeon Crawl Stone Soup version 0.22-a0-467-g5c5de1c (webtiles) character file.

227 Espgualade the Skirmisher (level 6, -1/40 HPs)
             Began as a Tengu Ice Elementalist on June 9, 2018.
             Slain by an ogre
             ... wielding a +0 giant club
              (19 damage)
             ... on level 4 of the Dungeon.
             The game lasted 00:08:04 (3714 turns).

Espgualade the Skirmisher (Tengu Ice Elementalist)  Turns: 3714, Time: 00:08:05

Health: -1/40      AC:  2    Str:  8    XL:     6   Next: 2%
Magic:  0/10       EV: 13    Int: 18    God:
Gold:   92         SH:  0    Dex: 14    Spells: 3/9 levels left

rFire    . . .     SeeInvis .   b - +0 mace
rCold    . . .     Gourm    .   (no shield)
rNeg     . . .     Faith    .   a - +0 robe
rPois    .         Spirit   .   (helmet restricted)
rElec    .         Reflect  .   (no cloak)
rCorr    .         Harm     .   (no gloves)
MR       .....                  (boots unavailable)
Stlth    ++........             (no amulet)
HPRegen  0.13/turn              (no ring)
MPRegen  0.12/turn              (no ring)

@: no status effects
A: beak, talons 3, able to fly 1
a: Fly


You were on level 4 of the Dungeon.
You were not hungry.

You visited 1 branch of the dungeon, and saw 4 of its levels.

You collected 92 gold pieces.

Inventory:

Hand Weapons
 b - a +0 mace (weapon)
Armour
 a - a +0 robe (worn)
Scrolls
 d - a scroll of remove curse
 g - a scroll of immolation
 k - a scroll of amnesia
 l - a scroll of identify
Potions
 e - 2 potions of resistance
 f - a potion of cancellation
Comestibles
 c - 4 rations


   Skills:
 - Level 5.0 Fighting
 + Level 2.8 Dodging
 + Level 2.6 Stealth
 - Level 2.0 Spellcasting
 - Level 1.3 Conjurations
 - Level 2.6 Ice Magic


You had 3 spell levels left.
You knew the following spells:

 Your Spells              Type           Power        Failure   Level  Hunger
a - Freeze                Ice            ##..         6%          1    #......
b - Throw Frost           Conj/Ice       #.....       12%         2    ###....
c - Ozocubu's Armour      Chrm/Ice       #.......     30%         3    ###....

Your spell library contained the following spells:

 Spells                   Type           Power        Failure   Level  Hunger
 Summon Ice Beast         Ice/Summ       #.......     71%         4    #####..
 Throw Icicle             Conj/Ice       #.......     61%         4    #####..


Dungeon Overview and Level Annotations

Branches:
Dungeon (4/15)
 Temple: D:4-7

Altars:
Makhleb
Qazlal


Innate Abilities, Weirdness & Mutations

You have a beak for a mouth.
You have claws for feet.
You can fly.


Message History

Confirm with . or Enter, or press ? or * to list all spells.
Aiming: Freeze (safe; 6% risk of failure)
Press: ? - help, Shift-Dir - straight line, f/p - ogre
Aim: an ogre, wielding a giant club (heavily wounded)
You freeze the ogre.
The ogre is severely wounded.
Things that are here:
a hunting sling; 17 stones; a goblin corpse
Casting: Freeze (safe; 6% risk of failure)
Confirm with . or Enter, or press ? or * to list all spells.
Aiming: Freeze (safe; 6% risk of failure)
Press: ? - help, Shift-Dir - straight line, f/p - ogre
Aim: an ogre, wielding a giant club (severely wounded)
You freeze the ogre.
The ogre is severely wounded.
The ogre closely misses you.
You closely miss the ogre.
The ogre is severely wounded.
The ogre hits you with a giant club!!
You die...

##.O.##.# ##..###.........
#....#### #...###........ ..#..#
#.#.#####.####. .###.##
#.#....##.# #. ## #..#
#.####..#.# #. .# ##.### #.#
##.#.# #. .# #...###
#.####....####.
.#####....#########..............
.>.)....)......O@...####...######
#####...####....###(# #...#
#####.#..# ####.....# #...#
#........## ####..########
#.#####...# #.......># ..# #####
#........# ### #........#
#........# ##########


You could see an ogre.

Vanquished Creatures
  A scorpion (D:4)
  A hound (D:3)
  A worker ant (D:4)
  Robin (D:4)
  5 adders
  2 worms (D:2)
  2 dart slugs
  A leopard gecko (D:3)
  An orc (D:3)
  5 giant cockroaches
  13 goblins
  7 hobgoblins
  2 jackals (D:2)
  3 kobolds
  2 ball pythons
  5 bats
  2 frilled lizards
  2 leopard gecko skeletons (D:4)
  8 rats
64 creatures vanquished.

Notes
Turn   | Place    | Note
-------+----------+-------------------------------------------
     0 | D:1      | Espgualade the Tengu Ice Elementalist began the quest for the Orb.
     0 | D:1      | Reached XP level 1. HP: 10/10 MP: 4/4
    14 | D:1      | Reached skill level 1 in Fighting
    50 | D:1      | Reached XP level 2. HP: 8/16 MP: 1/6
   373 | D:1      | Reached skill level 2 in Fighting
   703 | D:1      | Learned a level 2 spell: Throw Frost
   785 | D:2      | Reached XP level 3. HP: 17/22 MP: 2/7
  1130 | D:2      | Reached skill level 3 in Fighting
  1342 | D:2      | Learned a level 3 spell: Ozocubu's Armour
  1757 | D:2      | Reached XP level 4. HP: 23/28 MP: 3/8
  2117 | D:3      | Found a stormy altar of Qazlal.
  2148 | D:3      | Reached skill level 4 in Fighting
  2702 | D:3      | Gained mutation: You can fly. [Tengu growth]
  2702 | D:3      | Reached XP level 5. HP: 29/34 MP: 6/9
  2937 | D:4      | Reached skill level 5 in Fighting
  3169 | D:4      | Noticed Robin
  3559 | D:4      | Found a burning altar of Makhleb.
  3559 | D:4      | Noticed a cacodemon
  3630 | D:4      | Killed Robin
  3630 | D:4      | Reached XP level 6. HP: 32/40 MP: 4/10
  3714 | D:4      | Slain by an ogre

Vault maps used:
D:1:      dpeg_arrival_pond
D:2:      first_ration
D:3:      nicolae_qazlal_general_emergency
D:4:      makhleb_altar_promises_db, uniq_robin

Skill      XL: |  1  2  3  4  5 |
---------------+----------------+-----
Fighting       | 1 2 3 4 5 |  5.0
Dodging        | |  2.8
Stealth        | |  2.6
Spellcasting   | |  2.0
Conjurations   | |  1.3
Ice Magic      | |  2.6

Action                   |  1- 3 |  4- 6 || total
-------------------------+-------+-------++-------
Melee: Mace              |    72 |    88 ||   160
       Kick              |    14 |    24 ||    38
       Peck              |     8 |     6 ||    14
 Cast: Freeze            |    15 |    23 ||    38
       Ozocubu's Armour  |     2 |     1 ||     3
       Throw Frost       |       |     7 ||     7
  Use: Scroll            |     2 |     8 ||    10
       Potion            |       |     1 ||     1
 Stab: Sleeping          |     5 |     2 ||     7
  Eat: Chunk             |     3 |     5 ||     8
       Ration            |       |     1 ||     1
Armor: Robe              |    15 |    22 ||    37
Dodge: Dodged            |    52 |   103 ||   155

Table legend:
 A = Spawn XP
 B = Non-spawn XP
 C = Spawn XP percentage of total XP
 D = Spawn monster count
 E = Non-spawn monster count
 F = Spawn count percentage of total count
 G = Total turns spent on level
                    A         B        C        D         E        F      G
               +---------+---------+-------+---------+---------+-------+---------
         Total |       0 |     325 |   0.0 |       0 |      64 |   0.0 |  3714
               +---------+---------+-------+---------+---------+-------+---------
           D:1 |       0 |      27 |   0.0 |       0 |      17 |   0.0 |   731
           D:2 |       0 |      55 |   0.0 |       0 |      15 |   0.0 |  1067
           D:3 |       0 |      87 |   0.0 |       0 |      13 |   0.0 |  1067
           D:4 |       0 |     156 |   0.0 |       0 |      19 |   0.0 |   849
               +---------+---------+-------+---------+---------+-------+---------
